 Dungeon Crawl Stone Soup version 0.28-a0-1117-g0bdd5ba030 (webtiles) character file.

Game seed: 4869181298301894224

19530 ducksouse the Fighter (level 12, -3/166 (240) HPs)
             Began as a Minotaur Fighter on Dec 11, 2021.
             Was an Elder of Wu Jian.
             Succumbed to a redback's poison
             ... on level 1 of the Spider Nest.
             The game lasted 00:56:10 (15878 turns).

ducksouse the Fighter (Minotaur Fighter)           Turns: 15878, Time: 00:56:10

HP:   -3/166 (240)  AC: 26    Str: 26    XL:     12   Next: 37%
MP:   9/9           EV:  2    Int:  5    God:    Wu Jian [****..]
Gold: 645           SH:  0    Dex: 16    Spells: 11/11 levels left

rFire   . . .      SeeInvis .   q - +1 halberd (flame)
rCold   . . .      Faith    .   (shield currently unavailable)
rNeg    . . .      Spirit   .   (armour currently unavailable)
rPois   +          Reflect  .   (helmet currently unavailable)
rElec   .          Harm     .   (cloak currently unavailable)
rCorr   +          Rampage  .   (gloves currently unavailable)
Will    .....      NoTele   +   (boots currently unavailable)
Stlth   ..........              g - amulet of the acrobat
HPRegen 0.37/turn               y - +6 ring of dexterity
MPRegen 0.11/turn               E - ring of resist corrosion

@: berserking, lethally poisoned (-3 -> -41), tree-form (expiring), very heavily
drained, quick
A: stationary, stasis, torment immunity, boosted hp, (horns 2), (retaliatory
headbutt), low mp 1, subdued magic 1, (sturdy frame 1), noise suppression
a: Renounce Religion, Wall Jump, Serpent's Lash


You were on level 1 of the Spider Nest.
You worshipped Wu Jian.
Wu Jian was greatly pleased with you.
You were a tree.
You visited 3 branches of the dungeon, and saw 14 of its levels.

You collected 868 gold pieces.
You spent 223 gold pieces at shops.

Inventory:

Hand Weapons
 j - a +4 dagger
 q - a +1 halberd of flaming (weapon)
 z - a +1 flail of venom
 B - a +0 flail of protection
 C - a +0 whip of freezing
 D - a +2 dagger of protection
 M - a +1 vorpal flail
 O - a +0 dagger of chaos
 P - a +2 shortbow of freezing
 R - a +4 flail
 W - the +7 arbalest "Rorcham" {elec, Will+}
   (You found it on level 3 of the Lair of Beasts)

   Any ammunition fired from it occasionally discharges a powerful burst of
   electricity upon striking a foe.
   Will:      It increases your willpower.
Missiles
 I - 4 throwing nets
 L - 24 poisoned darts (quivered)
 Q - 107 arrows
Armour
 a - a +2 pair of boots (melded)
 c - a +0 buckler
 d - a +0 pair of gloves (melded)
 f - a +2 cloak (melded)
 h - the +1 ring mail of Sozoedd {Will+ Str+2 Dex+4}
   (You found it on level 10 of the Dungeon)

   Str:       It affects your strength (+2).
   Dex:       It affects your dexterity (+4).
   Will:      It increases your willpower.
 k - a +0 plate armour (melded)
 s - a +0 pair of boots
 v - a +2 helmet
 K - a +0 helmet
Magical Staves
 i - a staff of death
Jewellery
 g - an amulet of the acrobat (around neck)
 y - a +6 ring of dexterity (left branch)
 E - a ring of resist corrosion (right branch)
 F - an amulet of guardian spirit
Wands
 A - a wand of flame (35)
 J - a wand of polymorph (17)
 N - a wand of paralysis (6)
Scrolls
 e - 3 scrolls of teleportation
 l - a scroll of blinking {unknown}
 n - 3 scrolls of silence
 p - a scroll of magic mapping
 r - 4 scrolls of noise
 t - a scroll of brand weapon {unknown}
 u - a scroll of summoning
 w - a scroll of torment
 x - a scroll of vulnerability
 G - 3 scrolls of fog
 U - 3 scrolls of fear
Potions
 b - 3 potions of brilliance
 m - a potion of flight
 H - 2 potions of attraction


   Skills:
 + Level 10.5 Fighting
 - Level 8.0(8.2) Short Blades
 - Level 2.8(6.2) Long Blades
 - Level 9.0 Maces & Flails
 * Level 10.1 Polearms
 + Level 4.4 Bows
 + Level 10.4 Armour
 + Level 6.1 Dodging
 + Level 10.3 Shields


You had 11 spell levels left.
You didn't know any spells.
Your spell library contained the following spells:

 Spells                   Type           Power      Damage    Failure   Level
 Slow                     Hex            0%         N/A       43%         1
 Sting                    Tmut/Pois      0%         1d3       43%         1
 Summon Small Mammal      Summ           0%         N/A       43%         1
 Poisonous Vapours        Pois/Air       0%         N/A       58%         2
 Call Canine Familiar     Summ           0%         N/A       82%         3
 Confusing Touch          Hex            0%         N/A       82%         3
 Portal Projectile        Hex/Tloc       0%         N/A       82%         3
 Summon Guardian Golem    Hex/Summ       0%         N/A       82%         3
 Vampiric Draining        Necr           0%         2d6       82%         3
 Leda's Liquefaction      Hex/Erth       0%         N/A       99%         4
 Olgreb's Toxic Radiance  Pois           0%         N/A       99%         4
 Lee's Rapid Deconstruct  Erth           0%         3d5*      100%        5
 Statue Form              Tmut/Erth      0%         N/A       100%        6


Dungeon Overview and Level Annotations

Branches:
Dungeon (10/15)            Temple (0/1) D:6            Lair (3/6) D:9
 Spider (1/4) Lair:3
  Swamp: Lair:2-4    Shoals: Lair:2-4       Orc: D:9-12

Altars:
Gozag
Nemelex Xobeh
Qazlal
Wu Jian

Shops:
D:3 *   D:6 (

Annotations:
D:9 exclusion: obsidian statue


Innate Abilities, Weirdness & Mutations

You are a tree.
Your roots penetrate the ground, keeping you stationary.
You cannot be teleported.
You are immune to unholy pain and torment.
Your maximum health is greatly increased.
Your equipment is partially melded.
((You have a pair of horns on your head.))
((You reflexively headbutt those who attack you in melee.))
Your magical capacity is low. (-10% MP)
Your spells are a little easier to cast, but a little less powerful.
((Your movements are slightly less encumbered by armour. (ER -2)))
You passively dampen the noise of your surroundings.


Message History

The redback bites you.
* * * LOW HITPOINT WARNING * * *
You barely miss the redback.
The redback is almost dead.
You feel drained.
The jumping spider leaps!
The redback bites you but does no damage.
The redback bites you.
* * * LOW HITPOINT WARNING * * *
The redback bites you but does no damage.
The redback bites you.
* * * LOW HITPOINT WARNING * * *
You closely miss the redback.
The redback is almost dead.
You feel drained.
Your demonic crawler closely misses the redback.
Your demonic crawler misses the redback.
Your demonic crawler barely misses the redback.
The redback bites you but does no damage.
You hit the wolf spider. You burn the wolf spider.
The wolf spider is severely wounded.
You feel drained. Something touches your demonic crawler!
The redback bites you but does no damage.
Your demonic crawler hits the redback!
The redback dies!
The Council accepts your kill.
The redback bites you but does no damage.
The wolf spider hits you but does no damage.
The wolf spider bites you but does no damage.
Something touches your demonic crawler!
Your demonic crawler hits the redback.
Your demonic crawler closely misses the redback.
Your demonic crawler hits the redback!
The redback bites you!
* * * LOW HITPOINT WARNING * * *
You are lethally poisoned!
The redback poisons you!
The redback barely misses your demonic crawler.
Unknown command.
It was a potion of berserk rage.
A red film seems to cover your vision as you go berserk!
You feel yourself moving faster!
You feel mighty!
You die...

# ##.# ≈##....
##≈≈≈^...
#≈#.#....
###≈......
#≈≈≈......
#ss.##...
##♣#s....
###sssss....
#≈#ss.......
#≈.†.s#....#
#..†........
#...††#......
##............
#≈≈....#...[..
##≈...^.......


You could see an emperor scorpion, a wolf spider (ally target), 2 orb spiders, 3
redbacks, a friendly demonic crawler (summoned), a friendly wolf spider
(summoned) and a friendly jumping spider (summoned).

Vanquished Creatures
  Harold (D:7)
  3 hydras
  Pikel (D:5)
  An ugly thing (D:8)
  5 elephants
  3 black mambas (Lair:2)
  Psyche (D:8)
  A rime drake (Lair:2)
  A demonic crawler (Spider:1)
  4 komodo dragons
  Prince Ribbit (D:7)
  4 blink frogs (Lair:2)
  13 yaks
  2 basilisks (Lair:2)
  A wraith (D:9)
  4 wyverns
  Edmund (D:5)
  4 water moccasins
  Duvessa (D:5)
  2 acid dragons
  5 sky beasts
  3 orc warriors
  A necrophage (D:7)
  4 ice beasts
  An ogre (D:5)
  3 centaurs
  5 wolves (Lair:1)
  2 kobold brigands
  6 bullfrogs
  7 scorpions
  Dowan (D:5)
  A water moccasin skeleton (D:5)
  The ghost of SirDiesAlot the Poker, a weakling MiDe (D:5)
  4 killer bees (D:9)
  2 vampire bats (Lair:2)
  4 howler monkeys (D:7)
  3 centaur zombies
  3 bullfrog zombies (D:5)
  A gnoll shaman (D:8)
  3 orc priests
  A bullfrog skeleton (D:5)
  3 hounds
  7 iguanas
  Terence (D:3)
  5 orc wizards
  2 hell rats (Lair:1)
  A killer bee zombie (D:5)
  A hound skeleton (D:5)
  Robin (D:3)
  7 gnolls
  2 howler monkey skeletons
  12 river rats (Lair:1)
  4 adders
  A white imp (D:7)
  An ufetubus (D:6)
  5 worms
  2 dart slugs
  22 orcs
  12 ball pythons
  6 endoplasms
  13 giant cockroaches
  12 goblins
  9 hobgoblins
  2 jackals (D:1)
  14 kobolds
  4 quokkas
  18 bats
  7 rats
289 creatures vanquished.

Vanquished Creatures (collateral kills)
  4 wolf spiders (Spider:1)
  A demonic crawler (Spider:1)
  A jumping spider (Spider:1)
  3 redbacks (Spider:1)
9 creatures vanquished.

Vanquished Creatures (others)
  A ball python (D:4)
  23 fungi
  24 plants
  3 toadstools (D:6)
51 creatures vanquished.

Grand Total: 349 creatures vanquished

Notes
Turn   | Place    | Note
-------+----------+-------------------------------------------
     0 | D:1      | ducksouse the Minotaur Fighter began the quest for the Orb.
     0 | D:1      | Reached XP level 1. HP: 19/19 MP: 0/0
    88 | D:1      | Reached XP level 2. HP: 14/27 MP: 1/1
   489 | D:1      | Found a faded altar of an unknown god.
   651 | D:1      | Reached XP level 3. HP: 23/33 MP: 2/2
  1382 | D:2      | Reached XP level 4. HP: 40/40 MP: 3/3
  1557 | D:3      | Noticed Terence
  1558 | D:3      | Found Vuruo's Assorted Antiques.
  1572 | D:3      | Killed Terence
  1660 | D:3      | Bought a scroll labelled ASURAPS JIKHLIW for 28 gold pieces
  1660 | D:3      | Bought a metallic coppery potion for 25 gold pieces
  1824 | D:3      | Reached skill level 1 in Short Blades
  1878 | D:3      | Reached XP level 5. HP: 47/47 MP: 4/4
  1953 | D:3      | Noticed Robin
  1966 | D:3      | Killed Robin
  2335 | D:4      | Reached skill level 5 in Armour
  2335 | D:4      | Reached XP level 6. HP: 30/53 MP: 5/5
  2351 | D:4      | Reached skill level 5 in Shields
  2603 | D:4      | Found a sparkling altar of Nemelex Xobeh.
  2612 | D:4      | Found an ornate altar of the Wu Jian Council.
  2621 | D:4      | Became a worshipper of the Wu Jian Council
  3396 | D:5      | Entered Level 5 of the Dungeon
  3412 | D:5      | Found a runed translucent gate.
  3412 | D:5      | Found a runed translucent gate.
  3413 | D:5      | Found a runed translucent gate.
  3415 | D:5      | Noticed SirDiesAlot's ghost (weakling MiDe)
  3490 | D:5      | Noticed Edmund
  3497 | D:5      | Killed Edmund
  3584 | D:5      | Reached skill level 1 in Long Blades
  3584 | D:5      | Reached skill level 1 in Polearms
  3584 | D:5      | Reached XP level 7. HP: 40/60 MP: 6/6
  3591 | D:5      | Reached skill level 5 in Fighting
  3999 | D:5      | Noticed Pikel
  4018 | D:5      | Killed Pikel
  4019 | D:5      | Reached skill level 5 in Short Blades
  4019 | D:5      | Reached skill level 5 in Maces & Flails
  4019 | D:5      | Reached XP level 8. HP: 62/69 MP: 7/7
  4058 | D:5      | Noticed Dowan
  4059 | D:5      | Noticed Duvessa
  4070 | D:5      | Killed Duvessa
  4082 | D:5      | Killed Dowan
  4702 | D:5      | Killed SirDiesAlot's ghost
  5080 | D:6      | Reached XP level 9. HP: 71/78 MP: 8/8
  5239 | D:6      | Found a staircase to the Ecumenical Temple.
  5533 | D:6      | Reached * piety under Wu Jian
  5599 | D:6      | Found Gyabosoc's Hydra Hut.
  5600 | D:6      | Noticed an eight-headed hydra
  5604 | D:6      | Bought a +1 halberd of flaming for 170 gold pieces
  6193 | D:7      | Noticed Prince Ribbit
  6206 | D:7      | Killed Prince Ribbit
  6579 | D:7      | Noticed Harold
  6592 | D:7      | Killed Harold
  6935 | D:7      | Found a stormy altar of Qazlal.
  7038 | D:7      | Reached XP level 10. HP: 67/88 MP: 9/9
  7741 | D:8      | Noticed Psyche
  7746 | D:8      | Paralysed by something for 7 turns
  7757 | D:8      | Killed Psyche
  7758 | D:8      | Reached skill level 1 in Dodging
  7877 | D:8      | Found an opulent altar of Gozag.
  8679 | D:9      | Reached ** piety under Wu Jian
  8905 | D:9      | Found a staircase to the Lair.
  9019 | D:9      | Noticed a white ugly thing
  9042 | D:9      | Reached skill level 5 in Polearms
  9088 | D:8      | Killed a white ugly thing
  9669 | D:9      | Noticed an obsidian statue
  9701 | D:9      | Noticed a five-headed hydra
  9707 | D:9      | Killed a one-headed hydra
  9708 | D:9      | Reached XP level 11. HP: 68/97 MP: 10/10
  9983 | D:10     | Entered Level 10 of the Dungeon
 10276 | D:10     | Identified the +1 ring mail of Sozoedd {Will+ Str+2 Dex+4}
 10756 | D:9      | Gained mutation: Your spells are a little easier to cast,
                  | but a little less powerful. [a neqoxec]
 11236 | Lair:1   | Entered Level 1 of the Lair of Beasts
 11278 | Lair:1   | You fall into a shaft and drop 1 floor!
 11552 | Lair:1   | Reached skill level 1 in Bows
 11667 | Lair:1   | Reached *** piety under Wu Jian
 12171 | Lair:2   | Noticed a seven-headed hydra
 12807 | Lair:1   | Killed a three-headed hydra
 13129 | Lair:2   | Reached skill level 5 in Dodging
 13286 | Lair:2   | Reached skill level 10 in Fighting
 13783 | Lair:2   | Reached **** piety under Wu Jian
 13831 | Lair:2   | Noticed a four-headed hydra
 13851 | Lair:2   | Killed a one-headed hydra
 13901 | Lair:2   | Reached skill level 10 in Armour
 13904 | Lair:2   | Reached XP level 12. HP: 37/106 MP: 11/11
 14293 | Lair:2   | Reached skill level 10 in Shields
 14614 | Lair:3   | Identified the +7 arbalest "Rorcham" {elec, Will+}
 15217 | Lair:3   | Found a hole to the Spider Nest.
 15839 | Spider:1 | Entered Level 1 of the Spider Nest
 15839 | Spider:1 | Noticed an emperor scorpion
 15861 | Spider:1 | Lost mutation: Your spells are a little easier to cast, but
                  | a little less powerful. [potion of mutation]
 15861 | Spider:1 | Gained mutation: You passively dampen the noise of your
                  | surroundings. [potion of mutation]
 15861 | Spider:1 | Gained mutation: Your magical capacity is low. (-10% MP)
                  | [potion of mutation]
 15861 | Spider:1 | Gained mutation: Your spells are a little easier to cast,
                  | but a little less powerful. [potion of mutation]
 15861 | Spider:1 | Gained mutation: Your movements are slightly less
                  | encumbered by armour. (ER -2) [potion of mutation]
 15867 | Spider:1 | Reached skill level 10 in Polearms
 15877 | Spider:1 | HP: 4/105 [redback (7)]
 15878 | Spider:1 | Succumbed to a redback's poison

Illustrated notes

Levels and vault maps discovered:
D:1:      amcnicky_arrival_choice, layout_basic,
          chequers_ecumenical_altar_island, hangedman_feature_mirror
D:2:      layout_rooms, grunt_ministairs_12
D:3:      minmay_roachtagon, layout_rooms, serial_shops, nicolae_diamond_shop,
          minmay_unequal, uniq_terence, uniq_robin
D:4:      layout_loops_ring, minitemple, lemuel_flame_loot_1
D:5:      layout_basic, gammafunk_ghost_necromancy, st_stairs_9, uniq_duvessa,
          uniq_pikel, uniq_edmund
D:6:      layout_layer_cave, minmay_temple_entry_mini_moons,
          portal_sewer_entry_d, minmay_gold_behind_fungi,
          hangedman_abyss_or_decor_passed, doesnt_shop_hydraphobe
D:7:      nicolae_cairo_tiling_large, layout_basic, lemuel_crystal_altar,
          uniq_prince_ribbit1, uniq_harold
D:8:      layout_gridville, nicolae_gozag_cash_rules_everything_around_me,
          uniq_psyche
D:9:      layout_loops_cross, grunt_lair_entry_orc_guard_hut, minivault_16,
          st_stairs_11
D:10:     layout_grid_maze, slow_altar_2, kennysheep_mini,
          kb_lookout_dungeons_type, nicolae_specific_store, uniq_joseph,
          uniq_sonja, uniq_maggie
Lair:1:   layout_big_grid, kennysheep_rathole, lemuel_fruit_tree
Lair:2:   layout_loops_ring, roderic_batcave
Lair:3:   layout_cave_pods, spider_nest_entry_web_field
Spider:1: layout_spider_delve, nzn_ghost_randoct, drop_trap,
          nicolae_spider_undead_wolf_pack

Skill      XL: |  1  2  3  4  5  6  7  8  9 10 11 12 |
---------------+-------------------------------------+-----
Shields        | 4 5 6 7 8 9 10 | 10.3
Fighting       | 4 5 6 8 9 10 | 10.5
Armour         | 4 5 6 7 8 10 | 10.4
Maces & Flails | 3 4 5 6 7 8 9 |  9.0
Short Blades   | 1 2 4 5 6 8 |  8.0
Long Blades    | 1 2 |  2.8
Polearms       | 1 2 6 9 10 | 10.1
Dodging        | 3 5 6 |  6.1
Bows           | 3 4 |  4.4

Action                   |  1- 3 |  4- 6 |  7- 9 | 10-12 || total
-------------------------+-------+-------+-------+-------++-------
Melee: Flail             |    71 |    14 |   142 |    40 ||   267
       Headbutt          |    14 |    24 |    50 |    96 ||   184
       Dagger            |    35 |   185 |       |       ||   220
       Halberd           |       |       |    77 |   351 ||   428
 Fire: Shortbow          |       |       |       |    17 ||    17
Throw: Dart              |       |       |       |    13 ||    13
Invok: Lunge             |       |     1 |     7 |     6 ||    14
       Whirlwind         |       |       |     2 |    33 ||    35
       Serpent's Lash    |       |       |       |     1 ||     1
  Use: Scroll            |       |     3 |     5 |     8 ||    16
       Potion            |       |       |       |    19 ||    19
 Stab: Sleeping          |       |       |       |     1 ||     1
Armor: Scale mail        |    39 |       |       |       ||    39
       Plate armour      |     7 |   100 |   174 |   294 ||   575
       Skin              |       |       |    23 |    38 ||    61
       Ring mail         |       |       |       |    85 ||    85
Dodge: Dodged            |    48 |    61 |    84 |   368 ||   561
Block: Buckler           |    18 |    39 |    50 |       ||   107

Table legend: (Time is in decaauts)
 A = Elapsed time spent in this place.
 B = Non-inter-level travel time spent in this place.
 C = Inter-level travel time spent in this place.
 D = Time resting spent in this place.
 E = Time spent auto-exploring this place.
 F = Levels seen in this place.
 G = Mean time per level.
                   A        B        C        D        E       F      G
               +--------+--------+--------+--------+--------+-----+--------+
         Total |  15926 |  15698 |    228 |   3692 |   8281 |  14 | 1137.6 |
       Dungeon |  11293 |  11086 |    207 |   2084 |   6477 |  10 | 1129.3 |
          Lair |   4594 |   4573 |     21 |   1608 |   1804 |   3 | 1531.3 |
   Spider Nest |     38 |     38 |      0 |      0 |      0 |   1 |   38.0 |
               +--------+--------+--------+--------+--------+-----+--------+

Top non-repeatable levels by time:
     D:9: 1821 daAuts
  Lair:1: 1778 daAuts
     D:7: 1547 daAuts
     D:5: 1526 daAuts
  Lair:2: 1504 daAuts
     D:8: 1391 daAuts
  Lair:3: 1311 daAuts
     D:6: 1297 daAuts
     D:4: 1198 daAuts
     D:1: 1086 daAuts
     D:3: 647 daAuts
     D:2: 466 daAuts
    D:10: 309 daAuts
Spider:1: 38 daAuts
